AoeStats
← VIT Liereyy

Arabian Desert

510305918Analyzed
1v1 RM · 1d ago on Sep 30, 2026· 42m 56s· 2 players
Game mode
Random Map
Map size
Tiny (2 player)
Population
200
Speed
Normal
Resources
Standard
Victory
Conquest
Starting age
Dark Age
Ending age
Imperial Age
RankedLock teamsTeams togetherTeam positionsShared explorationLock speedFull tech treeHidden civsTurbo modeCheats
Victory
Defeat
🇦🇹 Jurchens · Austria
2949
+8
🇫🇷 Berbers · France
2765
-8
VIT Liereyy
5:54 Loom
8:26 Feudal Age
8:59 Double-Bit Axe
16:26 Fletching
16:17 Horse Collar
20:55 Castle Age
19:33 Padded Archer Armor
20:04 Scale Barding Armor
20:44 Bloodlines
20:58 Crossbowman
21:45 Bodkin Arrow
21:28 Light Cavalry
23:05 Bow Saw
23:31 Husbandry
26:15 Chain Barding Armor
28:34 Ballistics
32:33 Wheelbarrow
33:45 Forging
33:55 Heavy Plow
35:05 Town Watch
35:58 Hand Cart
38:56 Iron Casting
DS_Ciskhan
5:37 Loom
8:45 Feudal Age
9:05 Man-at-Arms
12:51 Double-Bit Axe
14:24 Fletching
18:41 Town Watch
21:33 Castle Age
19:48 Horse Collar
20:28 Gold Mining
21:27 Padded Archer Armor
21:36 Crossbowman
22:16 Bodkin Arrow
27:30 Bloodlines
30:33 Bow Saw
31:05 Wheelbarrow
31:40 Ballistics
31:41 Husbandry
33:58 Heavy Plow
35:35 Forging
39:24 Hand Cart
39:31 Scale Barding Armor
41:00 Chain Barding Armor
Connection lost

Rejoining the realm…

Still unreachable

The connection could not be restored.

Session expired

The server has moved on; the page needs a fresh start.